 Dungeon Crawl Stone Soup version 0.30-a0-358-g0d69a1922f (webtiles) character file.

Game seed: 6697175412883144063

52 HolyTactitian the Caller (level 3, -8/19 HPs)
             Began as a Deep Elf Summoner on Nov 9, 2022.
             Killed from afar by an orc wizard (11 damage)
             ... with a puff of flame
             ... on level 3 of the Dungeon.
             The game lasted 00:34:54 (2688 turns).

HolyTactitian the Caller (Deep Elf Summoner)        Turns: 2688, Time: 00:35:01

Health: -8/19      AC:  6    Str:  5    XL:     3   Next: 60%
Magic:  2/10       EV: 13    Int: 21    God:
Gold:   133        SH:  0    Dex: 15    Spells: 2/9 levels left

rFire   . . .      SeeInvis .    e - +0 whip
rCold   . . .      Faith    .    (no shield)
rNeg    . . .      Spirit   .    a - +0 robe
rPois   .          Reflect  .    (no helmet)
rElec   .          Harm     .    (no cloak)
rCorr   .          Rampage  .    (no gloves)
Will    .....                    (no boots)
Stlth   ++........               (no amulet)
HPRegen 0.23/turn                r - +4 ring of protection
MPRegen 0.12/turn                (no ring)

@: no status effects
A: no striking features
a: no special abilities


You were on level 3 of the Dungeon.
You visited 1 branch of the dungeon, and saw 3 of its levels.

You collected 133 gold pieces.

Inventory:

Hand Weapons
 e - a +0 whip (weapon)
 h - a +0 dagger
Missiles
 f - 34 stones
Armour
 a - a +0 robe (worn)
 d - a +0 ring mail
 i - a +0 chain mail
 s - a +0 leather armour
Jewellery
 r - a +4 ring of protection (left hand)
Scrolls
 g - a scroll of noise {unknown}
 j - a scroll of blinking {unknown}
 l - 2 scrolls of magic mapping {unknown}
 n - a scroll of fog {unknown}
 o - 2 scrolls of teleportation {unknown}
 t - a scroll of poison {unknown}
Potions
 b - a potion of magic
 c - 2 potions of resistance {unknown}
 k - a potion of curing {unknown}
 m - a potion of heal wounds {unknown}
 q - 2 potions of haste {unknown}


   Skills:
 + Level 0.1 Armour
 + Level 2.9 Dodging
 + Level 2.4 Stealth
 + Level 3.8 Spellcasting
 + Level 5.2 Summonings
 + Level 0.3 Earth Magic


You had 2 spell levels left.
You knew the following spells:

 Your Spells              Type           Power      Damage    Failure   Level
a - Summon Small Mammal   Summ           100%       N/A       1%          1
b - Call Imp              Summ           25%        N/A       2%          2
c - Call Canine Familiar  Summ           25%        N/A       4%          3
d - Sandblast             Erth           10%        2d5       11%         1

Your spell library contained the following spells:

 Spells                   Type           Power      Damage    Failure   Level
 Freeze                   Ice            16%        1d4       12%         1
 Passwall                 Tmut/Erth      3%         N/A       17%         2
 Ensorcelled Hibernation  Hex/Ice        8%         N/A       19%         2
 Summon Guardian Golem    Hex/Summ       15%        N/A       13%         3
 Stone Arrow              Conj/Erth      8%         3d7       34%         3
 Frozen Ramparts          Ice            8%         1d2       36%         3
 Hailstorm                Conj/Ice       4%         3d4       36%         3
 Spider Form              Tmut/Pois      4%         N/A       36%         3
 Summon Lightning Spire   Summ/Air       15%        N/A       38%         4
 Anguish                  Hex/Necr       2%         N/A       77%         4


Dungeon Overview and Level Annotations

Branches:
Dungeon (3/15)

Altars:


Message History

The blast of sand hits the hobgoblin.
The hobgoblin is moderately wounded.
Something hits you but does no damage.
You miss something. Something hits you. The hobgoblin closely misses you.
Your crimson imp barely misses the hobgoblin.
The hobgoblin hits you. Something hits you.
Aiming: Sandblast (safe; 11% risk of failure)
Press: ? - help, Q - select action, (/) - cycle Shift-Dir - straight line, p - hobgoblin Your crimson imp barely misses the hobgoblin.
Something hits you.
The hobgoblin hits you but does no damage.
The hobgoblin completely misses you.
Your crimson imp hits the hobgoblin.
Something hits you but does no damage.
Unknown command.
Aiming: Sandblast (safe; 11% risk of failure)
Press: ? - help, Q - select action, (/) - cycle Shift-Dir - straight line, f - hobgoblin
Aim: a hobgoblin (heavily wounded, ally target, 81% to hit)
The blast of sand hits the hobgoblin.
The hobgoblin is almost dead.
Your crimson imp hits the hobgoblin.
The hobgoblin dies!
Something hits you.
Unknown command.
Aiming: Sandblast (safe; 11% risk of failure)
Press: ? - help, Q - select action, (/) - cycle Shift-Dir - straight line, f - worm
Aim: a worm (93% to hit)
The blast of sand hits the worm.
The worm is moderately wounded.
Your crimson imp hits the worm.
Something hits you but does no damage. The worm bites you but does no damage.
Your crimson imp barely misses the worm.
Something hits you.
* * * LOW HITPOINT WARNING * * *
As you read the scroll labelled IPTE DOXATE, it crumbles to dust.
Wisps of shadow whirl around you...
It was a scroll of summoning.
You hear some strange, mumbled words.
A puff of flame appears from out of thin air!
The puff of flame hits you!
Ouch! That really hurt!
You die...

o>#.# #o#.##
+.......
.....# #......
#.#<. #.....
#.#.## #.#..
#.#o.#.#.#.###
#....#.#..B..
#.#......#w###
#.#.##h#o@.5.#
#.#.##.#o#{r.#
#.#.##.#....<#
#.#.##.####.##
#.#.....h....#
#.####.#######
#......#
########


You could see a worm (ally target), a friendly crimson imp (summoned), 2
friendly orcs, a friendly quokka (summoned) and a friendly giant cockroach
(summoned).

Vanquished Creatures
  A bat (D:2)
  A hobgoblin (D:2)
  2 frilled lizards (D:2)
  A kobold (D:2)
5 creatures vanquished.

Vanquished Creatures (collateral kills)
  A worm (D:1)
  An orc (D:3)
  4 ball pythons
  4 bats
  6 endoplasms
  5 giant cockroaches
  3 hobgoblins
  5 kobolds
  3 quokkas (D:1)
  3 frilled lizards
  2 goblins
  A rat (D:1)
38 creatures vanquished.

Grand Total: 43 creatures vanquished

Notes
Turn   | Place    | Note
-------+----------+-------------------------------------------
     0 | D:1      | HolyTactitian the Deep Elf Summoner began the quest for the
                  | Orb.
     0 | D:1      | Reached XP level 1. HP: 10/10 MP: 6/6
   248 | D:1      | Reached XP level 2. HP: 15/15 MP: 6/8
   251 | D:1      | Learned a level 2 spell: Call Imp
   583 | D:1      | Reached skill level 5 in Summonings
   939 | D:1      | Reached XP level 3. HP: 19/19 MP: 5/10
  1085 | D:1      | Learned a level 3 spell: Call Canine Familiar
  1087 | D:1      | Learned a level 1 spell: Sandblast
  2688 | D:3      | Killed from afar by an orc wizard

Illustrated notes

Levels and vault maps discovered:
D:1:      scummos_arrival_hexagon, layout_basic,
          nicolae_kite_square_tiling_tiny, nicolae_wormholes
D:2:      layout_loops_cross, chequers_serial_rivers_micro_e, glass_columns_a
D:3:      cheibrodos_old_hovel, layout_basic, serial_shops, nicolae_shop_trees,
          chequers_ecumenical_altar_island, chequers_serial_rivers_small_b,
          minmay_lizard_king, uniq_robin, uniq_crazy_yiuf_cottage

Skill      XL: |  1  2 |
---------------+-------+-----
Summonings     | 5 |  5.2
Armour         | |  0.1
Dodging        | |  2.9
Stealth        | |  2.4
Spellcasting   | |  3.8
Earth Magic    | |  0.3

Action                   || total
-------------------------++-------
Melee: Whip              ||     1
 Cast: Summon Small Mamm ||    18
       Call Imp          ||    20
       Sandblast         ||    11
       Call Canine Famil ||     4
  Use: Scroll            ||     1
Armor: Ring mail         ||     1
       Robe              ||    34
Dodge: Dodged            ||    69

Table legend: (Time is in decaauts)
 A = Elapsed time spent in this place.
 B = Non-inter-level travel time spent in this place.
 C = Inter-level travel time spent in this place.
 D = Time resting spent in this place.
 E = Time spent auto-exploring this place.
 F = Levels seen in this place.
 G = Mean time per level.
                   A        B        C        D        E       F      G
               +--------+--------+--------+--------+--------+-----+--------+
         Total |   2691 |   2663 |     28 |    375 |      0 |   3 |  897.0 |
       Dungeon |   2691 |   2663 |     28 |    375 |      0 |   3 |  897.0 |
               +--------+--------+--------+--------+--------+-----+--------+

Top non-repeatable levels by time:
     D:1: 1756 daAuts
     D:2: 866 daAuts
     D:3: 67 daAuts
